 Seeded DCSS version 0.29.1-12-g30fa7ad0bf (webtiles) character file.

Game seed: 8067774122993711936 (custom seed)

4110 kingsuperguy the Basher (level 10, -1/132 HPs)
             Began as a Minotaur Berserker on Dec 17, 2022.
             Was a High Priest of Trog.
             Succumbed to a gnoll sergeant's poison
             ... on level 9 of the Dungeon.
             The game lasted 00:12:23 (8319 turns).

kingsuperguy the Basher (Minotaur Berserker)        Turns: 8319, Time: 00:12:23

Health: -1/132     AC: 27    Str: 32    XL:     10   Next: 6%
Magic:  9/9        EV:  8    Int:  4    God:    Trog [*****.]
Gold:   415        SH:  0    Dex: 10    Spells: 9/9 levels left

rFire   . . .      SeeInvis .   J - +0 dire flail
rCold   . . .      Faith    .   (shield currently unavailable)
rNeg    . . .      Spirit   .   G - +4 crystal plate armour
rPois   .          Reflect  .   (helmet restricted)
rElec   .          Harm     .   (no cloak)
rCorr   +          Rampage  .   L - +0 pair of gloves
Will    .....                   v - +0 pair of boots
Stlth   ..........              (no amulet)
HPRegen 0.32/turn               l - +6 ring of strength
MPRegen 0.11/turn               i - ring of resist corrosion

@: berserking, lethally poisoned (-1 -> -38), very quick
A: horns 2, retaliatory headbutt
a: Renounce Religion, Berserk, Trog's Hand, Brothers in Arms


You were on level 9 of the Dungeon.
You worshipped Trog.
Trog was extremely pleased with you.
You visited 1 branch of the dungeon, and saw 9 of its levels.
You also visited: Ossuary.

You collected 509 gold pieces.
You spent 94 gold pieces at shops.

Inventory:

Hand Weapons
 a - a +0 mace
 k - a +0 flail of draining
 q - a +4 vampiric hand axe
 y - the +9 dagger "Pockaces" {vorpal, rF++ Will- Int+4}
   (You found it on level 9 of the Dungeon)

   It inflicts extra damage upon your enemies.
   Int:       It affects your intelligence (+4).
   rF:        It greatly protects you from fire.
   Will:      It decreases your willpower.
 J - a +0 dire flail (weapon)
Missiles
 f - 4 javelins (quivered)
Armour
 b - a +0 animal skin
 c - a +0 ring mail
 j - a +2 leather armour of cold resistance
 v - a +0 pair of boots (worn)
 A - a +2 robe of resistance
 B - a +2 leather armour of positive energy
 C - a +0 chain mail
 G - a +4 crystal plate armour (worn)
 L - a +0 pair of gloves (worn)
Jewellery
 i - a ring of resist corrosion (right hand)
 l - a +6 ring of strength (left hand)
 w - the amulet of Boguxt {RegenMP rC+ Str+2 Int-5}
   (You found it on level 4 of the Dungeon)

   [amulet of magic regeneration]

   It increases your rate of magic regeneration.
   Str:       It affects your strength (+2).
   Int:       It affects your intelligence (-5).
   rC:        It protects you from cold.
 E - a ring of protection from fire
Wands
 g - a wand of quicksilver (5)
 M - a wand of iceblast (7)
 N - a wand of paralysis (17)
 S - a wand of flame (10)
Scrolls
 t - a scroll of poison
 u - 4 scrolls of noise
 D - 2 scrolls of teleportation
 F - a scroll of magic mapping {unknown}
 I - a scroll of immolation
 K - a scroll of fear {unknown}
 O - a scroll of amnesia
 P - a scroll of vulnerability {unknown}
 T - a scroll of blinking {unknown}
Potions
 d - a potion of invisibility {unknown}
 e - 4 potions of mutation {unknown}
 h - 2 potions of brilliance {unknown}
 m - 2 potions of haste {unknown}
 n - 2 potions of might {unknown}
 o - 2 potions of degeneration {unknown}
 p - 3 potions of cancellation {unknown}
 r - 5 potions of heal wounds {unknown}
 s - 6 potions of curing
 x - 3 potions of attraction {unknown}
 z - 3 potions of berserk rage {unknown}
 H - 3 potions of magic {unknown}
 Q - 2 potions of lignification {unknown}
 R - a potion of ambrosia {unknown}


   Skills:
 + Level 7.7 Fighting
 + Level 11.9 Maces & Flails
 * Level 10.2 Armour
 + Level 5.2 Dodging
 + Level 0.9 Stealth


You had 9 spell levels left.
You didn't know any spells.
Your spell library was empty.

Dungeon Overview and Level Annotations

Branches:
Dungeon (9/15)             Temple (0/1) D:5         Ossuary (visited)
   Lair: D:8-11         Orc: D:9-12

Altars:
Ashenzari
Dithmenos
Elyvilon
Makhleb
Nemelex Xobeh
Sif Muna
Wu Jian
The Shining One
Lugonu

Shops:
D:1 [   D:2 (   D:3 !   D:4 :   D:7 =   D:9 *

Annotations:
D:7 2 transporters


Innate Abilities, Weirdness & Mutations

You have a pair of horns on your head.
You reflexively headbutt those who attack you in melee.


Message History

You feel very sick.
The gnoll sergeant hits you but does no damage.
The gnoll hits you but does no damage. The gnoll barely misses you.
You furiously retaliate!
You headbutt the gnoll!
You kill the gnoll!
Trog accepts your kill.
You feel very sick.
The gnoll sergeant hits you with a +5 spear of venom.
* * * LOW HITPOINT WARNING * * *
You are lethally poisoned!
The gnoll hits you but does no damage.
Things that are here:
a +0 whip; a gnoll corpse You hit the gnoll sergeant.
The gnoll sergeant is heavily wounded.
* * * LOW HITPOINT WARNING * * *
You feel very sick.
You hit the gnoll sergeant.
The gnoll sergeant is severely wounded.
* * * LOW HITPOINT WARNING * * *
You feel very sick. The gnoll hits you but does no damage.
The gnoll sergeant hits you but does no damage.
You are more poisoned.
You barely miss the gnoll sergeant.
The gnoll sergeant is severely wounded.
* * * LOW HITPOINT WARNING * * *
You feel very sick.
You hit the gnoll sergeant.
The gnoll sergeant is severely wounded.
* * * LOW HITPOINT WARNING * * *
You feel very sick.
The gnoll sergeant hits you with a +5 spear of venom!
* * * LOW HITPOINT WARNING * * *
You are more poisoned.
The gnoll hits you but does no damage.
You puncture the gnoll sergeant!
You kill the gnoll sergeant!
Trog accepts your kill.
You die...

####### #####.#..##
##..##.####.........#
#...#...#..........###
#.......#...........#
#.......##..........#
#.........<........#
#......##..[......##
##.....##.#)).......
#....#..##.@g......
##...##..#.)....#.#
#....#..#.....##
###...#..#.#..[...#
#.....#..#........#
##.....#..##.......#
###......#..# ......#
##........#..# ......#
##........## .......


You could see a gnoll.

Vanquished Creatures
  A troll (D:9)
  A wyvern (D:7)
  3 yaks (D:8)
  A steam dragon (D:6)
  Duvessa (D:5)
  4 orc warriors (D:6)
  2 sky beasts
  2 black bears (D:6)
  2 centaurs
  A phantom (D:5)
  3 kobold brigands
  2 gnoll sergeants (D:9)
  2 necrophages
  A bullfrog (D:8)
  2 scorpions (D:5)
  3 wights (D:8)
  Dowan (D:5)
  3 killer bees (D:7)
  3 centaur zombies (Ossuary)
  A human zombie (Ossuary)
  3 hounds
  3 gnoll boudas
  7 orc priests
  8 orc wizards
  5 iguanas
  2 mummies (Ossuary)
  12 gnolls
  6 adders
  A shadow imp (D:5)
  3 white imps
  An adder zombie (Ossuary)
  3 dart slugs
  34 orcs
  2 bats
  7 endoplasms
  4 giant cockroaches
  6 hobgoblins
  4 jackals (D:2)
  A quokka (D:1)
  8 ball pythons
  6 frilled lizards
  7 goblins
  A goblin zombie (Ossuary)
  8 hobgoblin zombies (Ossuary)
  2 jackal zombies (Ossuary)
  18 kobolds
  11 kobold zombies (Ossuary)
  8 orc zombies (Ossuary)
  5 rats
  2 rat zombies (Ossuary)
227 creatures vanquished.

Notes
Turn   | Place    | Note
-------+----------+-------------------------------------------
     0 | D:1      | kingsuperguy the Minotaur Berserker began the quest for the
                  | Orb.
     0 | D:1      | Reached XP level 1. HP: 19/19 MP: 0/0
   129 | D:1      | Found Woicy's Armour Shop.
   216 | D:1      | Reached skill level 4 in Maces & Flails
   216 | D:1      | Reached XP level 2. HP: 27/27 MP: 1/1
   244 | D:1      | Found a faded altar of an unknown god.
   724 | D:2      | Reached XP level 3. HP: 33/33 MP: 2/2
  1021 | D:2      | Found Nuobymm's Weapon Emporium.
  1119 | D:2      | Reached ** piety under Trog
  1163 | D:2      | Reached XP level 4. HP: 41/41 MP: 3/3
  1232 | D:2      | Noticed a necrophage
  1241 | D:2      | Killed a necrophage
  1242 | D:2      | Reached skill level 5 in Maces & Flails
  1395 | D:2      | Reached XP level 5. HP: 44/47 MP: 4/4
  2105 | D:3      | Found Corcheubo's Distillery.
  2217 | D:3      | Bought 2 potions of curing for 78 gold pieces
  2304 | D:3      | Found Nyuxt's Magic Scroll Emporium.
  2574 | D:4      | Reached skill level 6 in Maces & Flails
  2574 | D:4      | Reached XP level 6. HP: 53/55 MP: 5/5
  2679 | D:4      | Reached skill level 5 in Fighting
  2685 | D:4      | Identified the amulet of Boguxt {RegenMP rC+ Str+2 Int-5}
  2706 | D:4      | Reached *** piety under Trog
  2786 | D:4      | Found Kofachub's Tremendous Tomes.
  3014 | D:4      | Found an ornate altar of the Wu Jian Council.
  3015 | D:4      | Found a shimmering blue altar of Sif Muna.
  3144 | D:5      | Entered Level 5 of the Dungeon
  3212 | D:5      | Noticed Duvessa
  3212 | D:5      | Noticed Dowan
  3217 | D:5      | Killed Dowan
  3218 | D:5      | Reached XP level 7. HP: 33/61 MP: 6/6
  3220 | D:5      | Reached skill level 7 in Maces & Flails
  3227 | D:5      | Killed Duvessa
  3551 | D:4      | Reached skill level 5 in Armour
  3914 | D:5      | Reached skill level 8 in Maces & Flails
  3934 | D:5      | Found a staircase to the Ecumenical Temple.
  4044 | D:5      | Reached XP level 8. HP: 62/69 MP: 7/7
  4079 | D:5      | Found a shadowy altar of Dithmenos.
  4210 | D:6      | Reached skill level 5 in Dodging
  4412 | D:6      | Reached skill level 9 in Maces & Flails
  4424 | D:6      | Found a white marble altar of Elyvilon.
  5076 | D:6      | Reached skill level 10 in Maces & Flails
  5136 | D:6      | Reached **** piety under Trog
  5151 | D:6      | Reached XP level 9. HP: 43/75 MP: 8/8
  5933 | D:7      | Noticed an ancient zyme
  5941 | D:7      | Found Posuph's One-of-a-Kind Rings.
  5983 | D:7      | Found a transporter.
  5984 | D:7      | Noticed a purple ugly thing
  5985 | D:7      | Found a corrupted altar of Lugonu.
  5987 | D:7      | Noticed a salamander
  5987 | D:7      | Noticed a green ugly thing
  5987 | D:7      | Noticed a cyan ugly thing
  6556 | D:7      | Noticed an emperor scorpion
  6560 | D:7      | Found a transporter.
  6873 | D:8      | Reached skill level 11 in Maces & Flails
  6969 | D:8      | Found a sand-covered staircase.
  6974 | Ossuary  | Entered an ossuary
  7159 | Ossuary  | Reached ***** piety under Trog
  7356 | D:8      | Reached skill level 10 in Armour
  7502 | D:8      | Found a glowing golden altar of the Shining One.
  7779 | D:8      | Found a sparkling altar of Nemelex Xobeh.
  8028 | D:9      | Found Orerch Jyutaa's CLEARANCE SALE!.
  8035 | D:9      | Bought a scroll of identify for 16 gold pieces
  8188 | D:9      | Found a burning altar of Makhleb.
  8197 | D:9      | Identified the +0 leather armour "Vounum" {Rampage +Blink
                  | Int+3}
  8219 | D:9      | Identified the +9 dagger "Pockaces" {vorpal, rF++ Will-
                  | Int+4}
  8222 | D:9      | Found a broken altar of Ashenzari.
  8293 | D:9      | Noticed a troll
  8298 | D:9      | Killed a troll
  8299 | D:9      | Reached XP level 10. HP: 80/88 MP: 9/9
  8318 | D:9      | HP: 3/132 [gnoll sergeant/+5 spear of venom (7)]
  8319 | D:9      | Succumbed to a gnoll sergeant's poison

Illustrated notes

Levels and vault maps discovered:
D:1:      eino_arrival_tree_alley, layout_basic,
          hellmonk_ecumenical_altar_inner_sanctum, serial_shops,
          nicolae_shop_hallway_stairs
D:2:      layout_basic, serial_shops, nicolae_shop_bloodbath_and_beyond
D:3:      layout_rooms, serial_shops, nicolae_shop_crystal, shop_scrolls
D:4:      layout_cave_pools, gammafunk_temple_overflow_statue,
          nicolae_shop_i_like_big_books
D:5:      layout_gridville, nicolae_overflow_hidden_temple,
          minmay_temple_entry_enclosed_plants, corner_web_ring,
          minmay_checkerbox, uniq_duvessa
D:6:      layout_basic, minmay_ruined_shrine
D:7:      gammafunk_corrupted_shrine, layout_rooms, nicolae_shop_unique_rings
D:8:      layout_cave_pools, nemelex_spade_bored_becter,
          mainiacjoe_overflow_24_doors, nicolae_ossuary_entry_plus,
          minmay_misc_feat_square
D:9:      minmay_statue_hallways, layout_cave_pools, marbit_many_paths,
          mainiacjoe_overflow_small_starburst, lemuel_tele_altar,
          bloody_makhleb, chequers_temple_overflow_minitemple,
          ebering_ghost_funeral_grove, hangedman_glass_teeth,
          nicolae_shop_clearance

Skill      XL: |  1  2  3  4  5  6  7  8  9 |
---------------+----------------------------+-----
Maces & Flails | 4 5 6 8 10 11 | 11.9
Fighting       | 4 5 6 7 |  7.7
Armour         | 3 4 5 7 10 | 10.2
Dodging        | 3 4 5 |  5.2
Stealth        | |  0.9

Action                   |  1- 3 |  4- 6 |  7- 9 | 10-12 || total
-------------------------+-------+-------+-------+-------++-------
Melee: Mace              |    52 |       |       |       ||    52
       Headbutt          |     4 |    12 |    53 |     2 ||    71
       Punch             |     1 |       |       |       ||     1
       Flail             |     2 |    97 |   112 |       ||   211
       Dire flail        |       |       |   261 |    15 ||   276
Invok: Berserk           |     1 |       |     2 |     1 ||     4
  Use: Scroll            |       |       |     9 |       ||     9
Armor: Ring mail         |    13 |       |       |       ||    13
       Animal skin       |     3 |       |       |       ||     3
       Leather armour    |     7 |    28 |    13 |       ||    48
       Crystal plate arm |       |       |   267 |    16 ||   283
Dodge: Dodged            |    43 |    72 |   128 |     4 ||   247
